 Seeded DCSS version 0.29-a0-375-g5102b3be25 (webtiles) character file.

Game seed: 13605594255664981076 (custom seed)

605 thiscave3701365 the Cleaver (level 7, -3/60 HPs)
             Began as a Minotaur Berserker on May 3, 2022.
             Was a Believer of Trog.
             Slain by an ice beast (12 damage)
             ... on level 5 of the Dungeon.
             The game lasted 00:04:56 (5203 turns).

thiscave3701365 the Cleaver (Minotaur Berserker)    Turns: 5203, Time: 00:04:56

Health: -3/60      AC: 10    Str: 23    XL:     7   Next: 19%
Magic:  6/6        EV:  8    Int:  4    God:    Trog [**....]
Gold:   203        SH:  0    Dex: 10    Spells: 6/6 levels left

rFire   . . .      SeeInvis .   a - +0 hand axe
rCold   . . .      Faith    .   (no shield)
rNeg    . . .      Spirit   .   p - +1 chain mail {rPois}
rPois   +          Reflect  .   (helmet restricted)
rElec   .          Harm     .   (no cloak)
rCorr   .          Rampage  .   (no gloves)
Will    ++...                   (no boots)
Stlth   ..........              (no amulet)
HPRegen 1.20/turn               (no ring)
MPRegen 0.10/turn               (no ring)

@: strong-willed, on berserk cooldown, regenerating, slowed, very slow
A: horns 2, retaliatory headbutt
a: Renounce Religion, Berserk, Trog's Hand


You were on level 5 of the Dungeon.
You worshipped Trog.
Trog was pleased with you.
You visited 1 branch of the dungeon, and saw 5 of its levels.

You collected 203 gold pieces.

Inventory:

Hand Weapons
 a - a +0 hand axe (weapon)
Missiles
 u - a throwing net
Armour
 p - a +1 chain mail of poison resistance (worn)
Jewellery
 q - a ring of protection from cold
Wands
 t - a wand of digging (3)
 v - a wand of charming (10)
Scrolls
 b - a scroll of torment {unknown}
 d - a scroll of immolation {unknown}
 e - 6 scrolls of identify {unknown}
 g - a scroll of blinking {unknown}
 h - 2 scrolls of fog {unknown}
 i - a scroll of teleportation {unknown}
 j - 2 scrolls of vulnerability {unknown}
 l - 2 scrolls of poison {unknown}
Potions
 c - a potion of brilliance {unknown}
 f - 2 potions of haste {unknown}
 k - a potion of magic {unknown}
 m - a potion of might {unknown}
 n - a potion of ambrosia {unknown}
 o - a potion of flight {unknown}
 r - a potion of heal wounds {unknown}
 s - a potion of mutation {unknown}


   Skills:
 + Level 4.3 Fighting
 + Level 9.1 Axes
 + Level 4.0 Armour
 + Level 2.3 Dodging


You had 6 spell levels left.
You didn't know any spells.
Your spell library was empty.

Dungeon Overview and Level Annotations

Branches:
Dungeon (5/15)             Temple (0/1) D:4

Altars:
Cheibriados
Gozag
Makhleb
Nemelex Xobeh
Okawaru
Uskayaw


Innate Abilities, Weirdness & Mutations

You have a pair of horns on your head.
You reflexively headbutt those who attack you in melee.


Message History

The magic dart hits you but does no damage.
The orc wizard gestures at you while chanting.
The puff of flame hits you!
* * * LOW HITPOINT WARNING * * *
The ice beast barely misses you. You furiously retaliate!
You headbutt the ice beast!
Your skin crawls.
You feel strong-willed. Something hits you but does no damage.
The ice beast hits you but does no damage.
The orc wizard mumbles some strange words.
The orc wizard flickers and vanishes!
You barely miss something. You hit the ice beast but do no damage.
You hit something but do no damage.
The ice beast hits you but does no damage.
Something hits you but does no damage. x2; Something hits you.
* * * LOW HITPOINT WARNING * * *
The ice beast closely misses you. Something hits you.
* * * LOW HITPOINT WARNING * * *
You closely miss something. You hit the ice beast. You hit something.
Trog accepts your kill.
Trog appreciates your killing of a magic user.
Reactivating autopickup.
You feel a bit more experienced. Something hits you but does no damage.
Deactivating autopickup; reactivate with Ctrl-A.
The ice beast hits you but does no damage.
Your Armour skill increases to level 4!
You hit something. You closely miss the ice beast.
Something hits you but does no damage.
The ice beast hits you but does no damage.
You slash something! Trog accepts your kill.
Trog appreciates your killing of a magic user.
Reactivating autopickup.
You feel a bit more experienced.
You hit the ice beast but do no damage.
The ice beast hits you but does no damage.
The ice beast hits you.
* * * LOW HITPOINT WARNING * * *
The ice beast freezes you!
You die...

..... .... ...< ...
# #.# ..#######.#
..........#
......))Y.#
#......@).#
..####.##.#
####.##.#########.#.
....................
###..##.###.......#
#.....# #.####..#
#...### #.# # #...
#.# #.. #†#######


You could see an ice beast.

Vanquished Creatures
  2 ogres
  A phantom (D:5)
  2 orc priests (D:4)
  An iguana (D:3)
  3 orc wizards
  8 gnolls
  4 adders
  An ufetubus (D:4)
  A worm (D:5)
  22 orcs
  4 endoplasms
  3 giant cockroaches
  8 goblins
  4 hobgoblins
  3 jackals (D:1)
  A quokka (D:4)
  10 ball pythons
  A bat (D:3)
  3 frilled lizards
  5 kobolds
  7 rats
94 creatures vanquished.

Notes
Turn   | Place    | Note
-------+----------+-------------------------------------------
     0 | D:1      | thiscave3701365 the Minotaur Berserker began the quest for
                  | the Orb.
     0 | D:1      | Reached XP level 1. HP: 19/19 MP: 0/0
   282 | D:1      | Found a faded altar of an unknown god.
   343 | D:1      | Reached skill level 4 in Axes
   343 | D:1      | Reached XP level 2. HP: 27/27 MP: 1/1
   971 | D:2      | Reached XP level 3. HP: 33/33 MP: 2/2
  1068 | D:2      | HP: 1/49 [gnoll/+0 spear (3)]
  1069 | D:2      | Reached skill level 5 in Axes
  1070 | D:2      | Reached ** piety under Trog
  1071 | D:2      | Reached XP level 4. HP: 2/40 MP: 3/3
  2169 | D:3      | Reached skill level 6 in Axes
  2330 | D:3      | Found a hide-covered altar of Uskayaw.
  2331 | D:3      | Found a burning altar of Makhleb.
  3123 | D:3      | Reached XP level 5. HP: 46/46 MP: 4/4
  3460 | D:4      | Noticed an ogre
  3466 | D:4      | Killed an ogre
  3467 | D:4      | Reached skill level 7 in Axes
  3781 | D:4      | Found a staircase to the Ecumenical Temple.
  3848 | D:4      | Found an opulent altar of Gozag.
  3848 | D:4      | Found a sparkling altar of Nemelex Xobeh.
  3944 | D:4      | Reached XP level 6. HP: 52/52 MP: 5/5
  3952 | D:4      | Reached skill level 8 in Axes
  4664 | D:4      | Found a snail-covered altar of Cheibriados.
  4865 | D:4      | Found an iron altar of Okawaru.
  5098 | D:5      | Entered Level 5 of the Dungeon
  5177 | D:5      | Noticed an ice beast
  5187 | D:5      | Reached skill level 9 in Axes
  5187 | D:5      | Reached XP level 7. HP: 59/59 MP: 6/6
  5203 | D:5      | Slain by an ice beast

Illustrated notes

Levels and vault maps discovered:
D:1:      wander_arrival_lonely_grave, layout_basic,
          ebering_ecumenical_altar_rust
D:2:      layout_basic, minmay_misc_feat_tower, grunt_decor_mini_mirrors
D:3:      layout_basic, mainiacjoe_overflow_divided_tiny
D:4:      layout_loops_ring, grunt_temple_overflow_opulence,
          general_overflow_altar, mainiacjoe_overflow_24_doors, temple_doors_ab
D:5:      layout_basic, mainiacjoe_overflow_paths

Skill      XL: |  1  2  3  4  5  6  7 |
---------------+----------------------+-----
Axes           | 4 5 6 7 9 |  9.1
Fighting       | 4 |  4.3
Armour         | 3 4 |  4.0
Dodging        | |  2.3

Action                   |  1- 3 |  4- 6 |  7- 9 || total
-------------------------+-------+-------+-------++-------
Melee: Hand axe          |    53 |   127 |    11 ||   191
       Headbutt          |     4 |    19 |     2 ||    25
Invok: Berserk           |     1 |     9 |       ||    10
       Trog's Hand       |       |       |     1 ||     1
Armor: Animal skin       |     9 |       |       ||     9
       Scale mail        |    11 |     7 |       ||    18
       Chain mail        |       |    43 |    21 ||    64
Dodge: Dodged            |    29 |    43 |     9 ||    81

Table legend: (Time is in decaauts)
 A = Elapsed time spent in this place.
 B = Non-inter-level travel time spent in this place.
 C = Inter-level travel time spent in this place.
 D = Time resting spent in this place.
 E = Time spent auto-exploring this place.
 F = Levels seen in this place.
 G = Mean time per level.
                   A        B        C        D        E       F      G
               +--------+--------+--------+--------+--------+-----+--------+
         Total |   5284 |   5000 |    284 |   1374 |   3142 |   5 | 1056.8 |
       Dungeon |   5284 |   5000 |    284 |   1374 |   3142 |   5 | 1056.8 |
               +--------+--------+--------+--------+--------+-----+--------+

Top non-repeatable levels by time:
     D:3: 1538 daAuts
     D:4: 1473 daAuts
     D:2: 1377 daAuts
     D:1: 790 daAuts
     D:5: 103 daAuts
